 Dungeon Crawl Stone Soup version coffee-0.2.0 (webtiles) character file.

Game seed: 16353445905916151669, levelgen mode: deterministic

15332 Illumine the Arsonist (level 12, -16/75 HPs)
             Began as a Gargoyle Fire Elementalist on July 2, 2020.
             Was an Elder of Vehumet.
             Demolished by a death cob (20 damage)
             ... on level 10 of the Dungeon.
             The game lasted 00:28:42 (9176 turns).

Illumine the Arsonist (Gargoyle Fire Elementalist)  Turns: 9176, Time: 00:28:43

Health: -16/75     AC: 26    Str: 12    XL:     12   Next: 25%
Magic:  32/32      EV: 14    Int: 21    God:    Vehumet [****..]
Gold:   440        SH:  2    Dex: 10    Spells: 2/26 levels left

rFire    . . .     SeeInvis .   X - +5 demon whip (freeze)
rCold    + . .     Gourm    .   (no shield)
rNeg     + . .     Faith    .   j - +2 leather armour {rC+}
rPois    ∞         Spirit   .   f - +2 helmet of Rioruv {Slay+6}
rElec    +         Reflect  +   Y - +1 cloak
rCorr    +         Harm     .   s - +0 pair of gloves
MR       .....                  o - +2 pair of boots of Fyetog {rCorr}
Stlth    ++++......             p - +2 amulet of reflection
HPRegen  0.22/turn              r - ring of magical power
MPRegen  0.23/turn              m - ring of wizardry

@: studying Bows
A: negative energy resistance 1, electricity resistance, unbreathing,
petrification resistance, rot immunity, AC +8
a: Renounce Religion


You were on level 10 of the Dungeon.
You worshipped Vehumet.
Vehumet was greatly pleased with you.
You were not hungry.

You visited 3 branches of the dungeon, and saw 12 of its levels.

You collected 440 gold pieces.

Inventory:

Hand Weapons
 n - a +0 flail
 q - a +0 triple crossbow
 w - a +0 mace
 E - a +0 flail of protection
 G - a +0 whip of electrocution
 X - a +5 demon whip of freezing (weapon)
Missiles
 k - 345 stones (quivered)
 x - 38 bolts
Armour
 a - a +0 robe
 f - the +2 helmet of Rioruv (worn) {Slay+6}
   (You found it on level 1 of the Dungeon)

   It affects your accuracy and damage with ranged weapons and melee attacks
   (+6).
 h - a +0 leather armour
 j - a +2 leather armour of cold resistance (worn)
 o - the +2 pair of boots of Fyetog (worn) {rCorr}
   (You found it on level 2 of the Dungeon)

   It provides partial protection from all sources of acid and corrosion.
 s - a +0 pair of gloves (worn)
 v - a +0 cloak
 C - a +1 ring mail of magic resistance
 R - a +0 troll leather armour
 T - a +0 helmet of intelligence
 Y - a +1 cloak (worn)
Magical Staves
 K - an uncursed staff of wizardry
Jewellery
 m - a ring of wizardry (right hand)
 p - a +2 amulet of reflection (around neck)
 r - a ring of magical power (left hand)
 y - an uncursed ring of see invisible
 N - an uncursed ring of resist corrosion
 Q - a +5 ring of strength
 W - an uncursed ring of wizardry
Wands
 A - a wand of random effects (14)
 B - a wand of acid (8)
 I - a wand of paralysis (6)
 J - a wand of scattershot (5)
Scrolls
 e - a scroll of magic mapping
 g - 8 scrolls of remove curse
 l - 7 scrolls of teleportation
 u - a scroll of silence
 z - 2 scrolls of amnesia
 O - a scroll of enchant armour
 P - a scroll of blinking
Potions
 b - 9 potions of curing
 d - 2 potions of might
 i - 9 potions of brilliance
 t - 2 potions of stabbing
 D - a potion of magic
 F - a potion of ambrosia
 H - a potion of cancellation
 L - 3 potions of mutation
 M - 3 potions of berserk rage
 U - a potion of heal wounds
Books
 S - a manual of Bows
Comestibles
 c - 11 rations
 V - 3 chunks of flesh


   Skills:
 + Level 8.4(11.4) Fighting
 + Level 7.7 Maces & Flails
 - Level 4.9 Crossbows
 + Level 8.3(11.4) Armour
 - Level 1.5(7.5) Dodging
 - Level 2.2(10.6) Stealth
 + Level 7.5(10.0) Spellcasting
 + Level 8.5(10.3) Conjurations
 + Level 8.5(9.9) Fire Magic


You had 2 spell levels left.
You knew the following spells:

 Your Spells              Type           Power        Failure   Level  Hunger
a - Foxfire               Conj/Fire      ####         1%          1    None
b - Sticky Flame          Conj/Fire      ######..     1%          4    ##.....
c - Fireball              Conj/Fire      ######....   1%          5    ####...
d - Spider Form           Tmut/Pois      #####.....   1%          3    None
e - Stone Arrow           Conj/Erth      ######       1%          3    None
f - Tukima's Dance        Hex            #####...     1%          3    None
g - Yara's Violent Unrav  Hex/Tmut       #####.....   1%          5    ####...

Your spell library contained the following spells:

 Spells                   Type           Power        Failure   Level  Hunger
 Beastly Appendage        Tmut           #####.       1%          1    None
 Corona                   Hex            #####..      1%          1    None
 Ensorcelled Hibernation  Hex/Ice        #####.       1%          2    None
 Sticks to Snakes         Tmut           #####...     1%          2    None
 Confusing Touch          Hex            #####...     1%          3    None
 Conjure Flame            Conj/Fire      ######..     1%          3    None
 Dazzling Flash           Conj/Hex       #####.       1%          3    None
 Inner Flame              Hex/Fire       #####...     1%          3    None
 Ice Form                 Ice/Tmut       #####...     1%          4    ##.....
 Blade Hands              Tmut           #####.....   8%          5    ####...


Dungeon Overview and Level Annotations

Branches:
Dungeon (10/10)            Temple (1/1) D:2             Zot (1/1) D:10

Altars:
Dithmenos
Elyvilon
Fedhas
Gozag
Hepliaklqana
Makhleb
Nemelex Xobeh
Qazlal
Ru
Sif Muna
Trog
Uskayaw
Vehumet
Xom
Zin
The Shining One

Shops:
D:7 %

Annotations:
D:8 2 transporters, BigLord's ghost, novice FeIE


Innate Abilities, Weirdness & Mutations

You are resistant to torment.
Your stone body is resilient. (AC +8)
You are immune to poison.
You resist negative energy. (rN+)
You are resistant to electric shocks. (rElec)
You can survive without breathing.
You are immune to petrification.
You are immune to rotting.


Message History

The purple draconian breathes dispelling energy at you.
The bolt of dispelling energy hits you!!
The purple draconian breathes dispelling energy at you.
The bolt of dispelling energy hits you!!!
Ouch! That really hurt!
* * * LOW HITPOINT WARNING * * *
The death cob hits you but does no damage.
There is a gate leading back out of this place here.
The death cob misses you. The purple draconian barely misses you.
The death cob barely misses you.
The yellow draconian throws acid at you.
The glob of acid hits you but does no damage.
You are splashed with acid!
You resist.
* * * LOW HITPOINT WARNING * * *
You go up through the gate.
Welcome back to the Dungeon!
There is a gate to the Realm of Zot here.
You whack the death cob! You freeze the death cob.
The death cob is severely damaged.
The death cob hits you!!
You die...

#####.≈≈≈...≈.......≈...≈≈≈.#.###
### #.......................#....
..# #.....≈......[....≈.....#.##.
#.# #.......[...............#.##.
#.# #...≈...............≈...#.##.
#.# #........##...##...).[..#....
#.###.≈......#.....#......≈.#....
#...#.......................#.##.
#.#.......[.....@z....).......#..
#.###..........[[d.....)....#.#..
#.# #.≈......#.....#......).#)#..
#.###........##...##........#.#..
#...#...≈..........)....≈.[.#[#..
###.#.......................#)#..
#)#)....≈[..........≈.....#.#..
#.#.....).................#.#..
#.#.≈≈≈...≈.......≈...≈≈≈.#.#..


You could see a purple draconian and a death cob.

Vanquished Creatures
  Harold (D:8)
  A two-headed ogre (D:8)
  3 unseen horrors (D:10)
  3 draconian scorchers
  Pikel (D:6)
  4 draconian stormcallers (D:10)
  A draconian annihilator (D:10)
  2 bone dragons (D:10)
  A purple draconian (Zot)
  A red draconian (D:10)
  3 green draconians
  A white draconian (D:10)
  3 trolls
  A moth of wrath (D:10)
  2 hippogriffs
  A dancing weapon (D:10)
  Eustachio (D:4)
  Grum (D:10)
  Edmund (D:4)
  A soldier ant (D:10)
  4 orc warriors
  A black bear (D:10)
  5 ice beasts
  2 sky beasts
  A slave (D:6)
  2 wolves (D:10)
  4 ogres
  3 centaurs
  5 bullfrogs
  2 wyvern zombies
  4 scorpions
  16 killer bees
  2 howler monkeys
  A centaur zombie (D:10)
  2 crimson imps (D:5)
  A bullfrog zombie (D:10)
  2 jellies
  2 quasits (D:10)
  4 orc priests
  Crazy Yiuf (D:3)
  5 orc wizards
  4 bullfrog skeletons
  A centaur skeleton (D:5)
  Ijyb (D:5)
  Natasha (thrice) (D:3)
  2 iguanas
  4 worker ants
  A hound skeleton (D:4)
  A howler monkey zombie (D:7)
  3 worker ant zombies
  4 adders
  4 shadow imps
  5 dart slugs
  5 leopard geckos
  20 orcs
  5 bats
  6 giant cockroaches
  5 goblins
  6 hobgoblins
  6 jackals
  11 kobolds
  2 quokkas (D:2)
  3 ball pythons
  5 frilled lizards (D:1)
  A jackal skeleton (D:4)
  8 rats
218 creatures vanquished.

Vanquished Creatures (others)
  A dancing weapon (D:10)
  A centaur (D:5)
  427 foxfires
429 creatures vanquished.

Grand Total: 647 creatures vanquished

Notes
Turn   | Place    | Note
-------+----------+-------------------------------------------
     0 | D:1      | Illumine the Gargoyle Fire Elementalist began the quest for
                  | the Orb.
     0 | D:1      | Reached XP level 1. HP: 10/10 MP: 3/3
   109 | D:1      | Reached XP level 2. HP: 15/15 MP: 3/5
   129 | D:1      | Got the +2 helmet of Rioruv {Slay+6}
   278 | D:1      | You fall into a shaft and drop 1 floor!
   294 | D:2      | Reached XP level 3. HP: 19/19 MP: 4/6
   317 | D:2      | Found a staircase to the Ecumenical Temple.
   324 | Temple   | Entered the Ecumenical Temple
   347 | Temple   | Became a worshipper of Vehumet
   443 | D:1      | Found a sparkling altar of Nemelex Xobeh.
   903 | D:2      | Reached * piety under Vehumet
   903 | D:2      | Offered knowledge of Shock by Vehumet.
  1003 | D:2      | Reached skill level 1 in Fighting
  1003 | D:2      | Reached XP level 4. HP: 25/25 MP: 3/7
  1021 | D:2      | Got the +2 pair of boots of Fyetog {rCorr}
  1344 | D:3      | Learned a level 4 spell: Sticky Flame
  1534 | D:3      | Found a blossoming altar of Fedhas.
  1562 | D:3      | Noticed Natasha
  1566 | D:3      | Killed Natasha
  1566 | D:3      | Reached skill level 1 in Maces & Flails
  1566 | D:3      | Reached skill level 1 in Armour
  1730 | D:3      | Noticed Natasha
  1743 | D:3      | Killed Natasha
  1743 | D:3      | Reached XP level 5. HP: 17/29 MP: 9/9
  1938 | D:3      | Noticed Natasha
  1945 | D:3      | Killed Natasha
  1962 | D:3      | Found a runed translucent door.
  1963 | D:3      | Noticed Crazy Yiuf
  2047 | D:3      | Killed Crazy Yiuf
  2142 | D:4      | Reached XP level 6. HP: 35/35 MP: 10/10
  2184 | D:4      | Offered knowledge of Freeze by Vehumet.
  2192 | D:4      | Reached ** piety under Vehumet
  2264 | D:4      | Learned a level 5 spell: Fireball
  2358 | D:4      | Noticed Eustachio
  2381 | D:4      | Killed Eustachio
  2381 | D:4      | Reached XP level 7. HP: 40/40 MP: 12/12
  2678 | D:4      | Noticed Edmund
  2695 | D:4      | Killed Edmund
  2932 | D:5      | Entered Level 5 of the Dungeon
  3034 | D:5      | Reached skill level 1 in Crossbows
  3127 | D:5      | Reached XP level 8. HP: 32/46 MP: 13/13
  3210 | D:5      | Learned a level 3 spell: Spider Form
  3326 | D:5      | Reached skill level 5 in Fire Magic
  3436 | D:5      | Noticed Ijyb
  3444 | D:5      | Killed Ijyb
  3444 | D:5      | Offered knowledge of Stone Arrow by Vehumet.
  3745 | D:6      | Identified the ring of Ygyan {Ice Str+3 Slay+3 Stlth+} (You
                  | acquired it on level 6 of the Dungeon)
  3945 | D:6      | Noticed Pikel
  3951 | D:6      | Found an opulent altar of Gozag.
  3977 | D:6      | Killed Pikel
  4154 | D:6      | Reached XP level 9. HP: 52/52 MP: 15/15
  4438 | D:7      | Reached *** piety under Vehumet
  4529 | D:7      | Reached skill level 5 in Conjurations
  4755 | D:7      | Reached skill level 5 in Fighting
  4794 | D:7      | Reached skill level 5 in Armour
  4858 | D:7      | Reached skill level 5 in Spellcasting
  5111 | D:7      | Found Nuitz's Food Shoppe.
  5336 | D:8      | Learned a level 3 spell: Stone Arrow
  5393 | D:8      | Offered knowledge of Static Discharge by Vehumet.
  5408 | D:8      | Reached skill level 5 in Maces & Flails
  5472 | D:8      | Noticed a two-headed ogre
  5489 | D:8      | Killed a two-headed ogre
  5489 | D:8      | Reached XP level 10. HP: 43/60 MP: 12/18
  5760 | D:8      | Found a bloodstained altar of Trog.
  5760 | D:8      | Noticed BigLord's ghost (novice FeIE)
  5775 | D:8      | Found a transporter.
  5783 | D:8      | Found a transporter.
  5786 | D:8      | Identified the +6 rapier of the Solstice {antimagic, rElec
                  | Str+2}
  5916 | D:8      | Noticed Harold
  5939 | D:8      | Killed Harold
  6701 | D:10     | Entered Level 10 of the Dungeon
  6852 | D:10     | Reached **** piety under Vehumet
  6868 | D:10     | Noticed an unseen horror
  6871 | D:10     | Killed an unseen horror
  6871 | D:10     | Reached XP level 11. HP: 59/66 MP: 20/20
  7040 | D:10     | Noticed an unseen horror
  7042 | D:10     | Killed an unseen horror
  7076 | D:10     | Noticed a yellow draconian stormcaller
  7082 | D:10     | Noticed a green draconian stormcaller
  7098 | D:10     | Killed a yellow draconian stormcaller
  7290 | D:10     | Noticed a white draconian annihilator
  7388 | D:10     | Learned a level 3 spell: Tukima's Dance
  7488 | D:10     | Offered knowledge of Yara's Violent Unravelling by Vehumet.
  7689 | D:10     | Noticed an unseen horror
  7691 | D:10     | Killed an unseen horror
  7733 | D:10     | Noticed a white draconian stormcaller
  7734 | D:10     | Noticed a death drake
  7734 | D:10     | Noticed a death drake
  7746 | D:10     | Noticed a death drake
  8016 | D:10     | Noticed Grum
  8025 | D:10     | Killed Grum
  8079 | D:10     | Noticed a white draconian stormcaller
  8084 | D:10     | Killed a white draconian stormcaller
  8096 | D:10     | Killed a white draconian stormcaller
  8267 | D:10     | Learned a level 5 spell: Yara's Violent Unravelling
  8366 | D:10     | Found a gate to the Realm of Zot.
  8384 | D:10     | Killed a white draconian annihilator
  8481 | D:10     | Killed a green draconian stormcaller
  8481 | D:10     | Reached XP level 12. HP: 54/73 MP: 22/22
  8846 | Zot      | Entered the Realm of Zot
  9173 | Zot      | Noticed a death cob
  9176 | D:10     | Demolished by a death cob

Levels and vault maps discovered:
D:1:      psy_arrival_whirlpool, layout_rooms, minmay_misc_feat_nine_boxes,
          nemelex_diamond_rough_becter
D:2:      layout_rooms, minmay_temple_entry_junction
D:3:      layout_rooms, first_ration, kennysheep_another_room,
          fedhas_ov_isle_minmay, uniq_natasha, uniq_crazy_yiuf_cottage
D:4:      layout_basic, uniq_eustachio, uniq_edmund
D:5:      layout_rooms, uniq_ijyb
D:6:      layout_gridville, kennysheep_mini, uniq_pikel
D:7:      layout_loops_ring, serial_shops, shop
D:8:      layout_cave_pools, gammafunk_ghost_wrathful_warriors, uniq_harold
D:9:      layout_cross
D:10:     evilmike_zot_entry_argh, layout_basic, uniq_grum
Temple:   nicolae_temple_the_god_donut
Zot:      layout_onion

Skill      XL: |  1  2  3  4  5  6  7  8  9 10 11 |
---------------+----------------------------------+-----
Fighting       | 1 2 3 4 5 6 8 |  8.4
Maces & Flails | 1 2 3 4 5 6 7 |  7.7
Armour         | 1 2 3 4 5 6 8 |  8.3
Conjurations   | 2 3 4 5 6 8 |  8.5
Fire Magic     | 4 5 6 7 8 |  8.5
Spellcasting   | 3 4 5 6 7 |  7.5
Crossbows      | 1 2 4 |  4.9
Dodging        | |  1.5
Stealth        | |  2.2

Action                   |  1- 3 |  4- 6 |  7- 9 | 10-12 || total
-------------------------+-------+-------+-------+-------++-------
Melee: Club              |    33 |       |       |       ||    33
       Flail             |       |    34 |    60 |       ||    94
       Punch             |       |       |     2 |     1 ||     3
       Whip              |       |       |   105 |    40 ||   145
       Demon whip        |       |       |       |   103 ||   103
 Fire: Triple crossbow   |       |       |    12 |       ||    12
 Cast: Foxfire           |    54 |    58 |    97 |    49 ||   258
       Sticky Flame      |       |       |     5 |    25 ||    30
       Stone Arrow       |       |       |     2 |    28 ||    30
       Tukima's Dance    |       |       |       |     7 ||     7
       Fireball          |       |       |       |     4 ||     4
  Use: Scroll            |       |       |     1 |     5 ||     6
 Stab: Sleeping          |       |       |     2 |     5 ||     7
  Eat: Ration            |       |     1 |     2 |     3 ||     6
       Chunk             |       |     1 |     6 |     2 ||     9
Armor: Robe              |    33 |    26 |       |       ||    59
       Leather armour    |       |    11 |    79 |    80 ||   170
       Troll leather arm |       |       |       |    49 ||    49
Dodge: Dodged            |    36 |    52 |   104 |   141 ||   333
Block: Other             |       |     2 |    12 |    18 ||    32
       Reflection        |       |       |     2 |       ||     2
